 Dungeon Crawl Stone Soup version 0.21-a0-150-gc243083 (webtiles) character file.

26987 Lunath the Severer (level 13, -6/119 HPs)
             Began as a Minotaur Fighter on July 27, 2017.
             Was a High Priest of Okawaru.
             Mangled by a 19-headed hydra (7 damage)
             ... on level 3 of the Lair of Beasts.
             The game lasted 00:30:42 (11367 turns).

Lunath the Severer (Minotaur Fighter)              Turns: 11367, Time: 00:30:43

Health: -6/119     AC: 21    Str: 22    XL:     13   Next: 1%
Magic:  11/17      EV: 10    Int:  5    God:    Okawaru [*****.]
Gold:   911        SH: 22    Dex: 14    Spells: 12/12 levels left

rFire    + + .     SeeInvis .   L - +7 hand axe of Cocytus {drain, Fragile rElec rF+}
rCold    + . .     Gourm    .   m - +0 large shield
rNeg     + . .     Faith    .   F - +4 scale mail {rF+}
rPois    .         Spirit   .   v - +1 hat
rElec    +         Reflect  +   T - scarf "Niopif" {rN+ MR+}
rCorr    .         Harm     .   j - +0 pair of gloves
MR       ++...                  E - +2 pair of boots {Stlth+}
Stlth    +++.......             S - +4 amulet of reflection
HPRegen  0.29/turn              i - ring of protection from cold
MPRegen  0.15/turn              u - ring of protection from magic

@: heroism, finesse
A: retaliatory headbutt, horns 2
a: Heroism, Finesse, Renounce Religion


You were on level 3 of the Lair of Beasts.
You worshipped Okawaru.
Okawaru was extremely pleased with you.
You were not hungry.

You visited 3 branches of the dungeon, and saw 15 of its levels.

You collected 956 gold pieces.
You spent 45 gold pieces at shops.

Inventory:

Hand Weapons
 a - a +3 hand axe of chopping
 L - the +7 hand axe of Cocytus (weapon) {drain, Fragile rElec rF+}
   (You found it on level 10 of the Dungeon)

   A truly terrible weapon, it drains the life of those it strikes.
   It protects you from fire.
   It insulates you from electricity.
   It will be destroyed if unequipped.
 P - a +3 scimitar of flaming
Armour
 j - a +0 pair of gloves (worn)
 m - a +0 large shield (worn)
 v - a +1 hat (worn)
 E - a +2 pair of boots of stealth (worn)
 F - a +4 scale mail of fire resistance (worn)
 I - a +2 pair of boots
 T - the scarf "Niopif" (worn) {rN+ MR+}
   (Okawaru gifted it to you on level 1 of the Lair of Beasts)

   It protects you from negative energy.
   It affects your resistance to hostile enchantments.
Jewellery
 i - a ring of protection from cold (left hand)
 u - a ring of protection from magic (right hand)
 S - a +4 amulet of reflection (around neck)
 V - an uncursed amulet of the gourmand
Wands
 k - a wand of paralysis (6/24)
 G - a wand of paralysis (18/24)
 N - a wand of iceblast (3/15)
 O - a wand of iceblast (5/15)
Scrolls
 e - 10 scrolls of remove curse
 g - 2 scrolls of fear
 n - 2 scrolls of enchant armour
 p - 2 scrolls of amnesia
 q - a scroll of acquirement {unknown}
 s - 2 scrolls of magic mapping
 x - 6 scrolls of teleportation
 y - a scroll of immolation
 B - 2 scrolls of blinking
 J - a scroll of holy word {unknown}
 M - 3 scrolls of recharging
 U - a scroll of brand weapon {unknown}
 X - 2 scrolls of identify
Potions
 c - 3 potions of agility
 d - 2 potions of might
 h - 2 potions of haste
 l - 2 potions of ambrosia
 o - 4 potions of brilliance
 r - 4 potions of curing
 z - a potion of berserk rage {unknown}
 A - a potion of magic
 C - 3 potions of lignification {unknown}
 D - 2 potions of cancellation {unknown}
 H - a potion of invisibility {unknown}
 R - 4 potions of heal wounds
Comestibles
 b - 8 meat rations
 f - 11 bread rations
 t - 15 fruits
 w - 6 royal jellies


   Skills:
 + Level 12.7(17.7) Fighting
 * Level 16.7(21.7) Axes
 + Level 12.5(17.5) Armour
 - Level 5.1(10.1) Shields
 + Level 7.2 Invocations


You had 12 spell levels left.
You didn't know any spells.

Dungeon Overview and Level Annotations

Branches:
Dungeon (11/15)            Temple (1/1) D:5            Lair (3/6) D:10
    Orc (0/2) D:10
  Swamp: Lair:2-4    Shoals: Lair:2-4     Snake: Lair:2-4    Spider: Lair:2-4

Altars:
Ashenzari
Cheibriados
Dithmenos
Elyvilon
Fedhas
Gozag
Hepliaklqana
Kikubaaqudgha
Makhleb
Nemelex Xobeh
Okawaru
Qazlal
Ru
Sif Muna
Trog
Uskayaw
Vehumet
Wu Jian
Xom
Yredelemnul
Zin
The Shining One

Shops:
D:11 *


Innate Abilities, Weirdness & Mutations

You reflexively headbutt those who attack you in melee.
You have a pair of horns on your head.


Message History

The 15-headed hydra bites you.
* * * LOW HITPOINT WARNING * * *
The 15-headed hydra bites you but does no damage.
The 15-headed hydra bites you.
* * * LOW HITPOINT WARNING * * *
The 15-headed hydra bites you but does no damage.
You block the 15-headed hydra's attack.
The 15-headed hydra bites you but does no damage. x2
You hack one of the 15-headed hydra's heads off!
The 14-headed hydra grows two more!
You hit the 16-headed hydra. You drain the 16-headed hydra!
You headbutt the 16-headed hydra.
The 16-headed hydra is severely wounded.
You chop one of the 18-headed hydra's heads off!
The 17-headed hydra grows two more!
You hit the 19-headed hydra. You block the 19-headed hydra's attack.
The 19-headed hydra bites you but does no damage.
You block the 19-headed hydra's attack. x2
The 19-headed hydra bites you but does no damage. x2
The 19-headed hydra bites you!
You die...

....P..##.##...##.#..##
....P..#..###..# ##..P#
...PPP..#.# P..# .##
.....P....###P..# .
...........P#...#
....(.>...P##..##
.......$P.##
..........# ........@D#
........#D.....#
........#F.#...#
................
.........###..##
P.####.## ### ##


You could see a 19-headed hydra, a 16-headed hydra and a spiny frog.

Vanquished Creatures
  A hydra (Lair:2)
  Erica (D:8)
  2 two-headed ogres (D:11)
  6 death yaks (Lair:3)
  Urug (Lair:2)
  Sonja (Lair:2)
  The ghost of Duffy the Destroyer, a novice OpWz of Vehumet (D:8)
  A cyclops (D:11)
  6 elephants (Lair:1)
  A black mamba (Lair:2)
  Maurice (D:8)
  Joseph (D:8)
  3 centaur skeletons
  3 spiny frogs (Lair:1)
  6 komodo dragons
  A troll (D:10)
  A polar bear (Lair:2)
  4 blink frogs (Lair:1)
  5 hippogriffs
  A vampire (D:10)
  11 yaks
  The ghost of Lunath the Chopper, an amateur MiFi (D:4)
  A spriggan (Lair:2)
  A basilisk (D:10)
  2 wyverns
  Grum (D:11)
  2 hungry ghosts
  2 wargs (D:10)
  3 water moccasins
  6 porcupines
  7 orc warriors
  6 ice beasts
  3 black bears
  A hornet zombie (D:10)
  4 ogres
  3 sky beasts
  The ghost of Lunath the Covered, an amateur MiFi of Okawaru (D:3)
  2 phantoms
  5 wolves
  5 centaurs
  A big kobold (D:11)
  6 crocodiles
  Blork the orc (D:5)
  14 bullfrogs
  A gnoll sergeant (D:10)
  4 scorpions
  4 howler monkeys
  2 bullfrog zombies
  4 hounds
  7 orc priests
  2 jellies
  19 orc wizards
  3 bullfrog skeletons
  4 iguanas
  9 worker ants
  A hound zombie (D:6)
  2 hound skeletons
  3 worker ant zombies
  14 adders
  A river rat (Lair:1)
  3 shadow imps
  An ooze (D:4)
  2 adder skeletons
  3 dart slugs
  10 leopard geckos
  45 orcs
  7 bats
  2 giant cockroaches (D:2)
  6 goblins
  8 hobgoblins
  8 jackals (D:2)
  8 quokkas
  2 ball pythons
  2 frilled lizards
  2 gnoll zombies (D:7)
  10 kobolds
  4 rats
  A fungus (D:7)
  3 plants
343 creatures vanquished.

Vanquished Creatures (others)
  2 fungi (D:10)
  2 plants (D:10)
4 creatures vanquished.

Grand Total: 347 creatures vanquished

Notes
Turn   | Place    | Note
-------+----------+-------------------------------------------
     0 | D:1      | Lunath the Minotaur Fighter began the quest for the Orb.
     0 | D:1      | Reached XP level 1. HP: 19/19 MP: 0/0
    52 | D:1      | Reached XP level 2. HP: 18/27 MP: 1/1
   443 | D:1      | Reached skill level 3 in Axes
   884 | D:2      | Reached XP level 3. HP: 23/33 MP: 2/2
   906 | D:2      | Found a blossoming altar of Fedhas.
  1298 | D:2      | Reached XP level 4. HP: 37/41 MP: 3/3
  1475 | D:3      | Noticed Lunath's ghost (amateur MiFi)
  1773 | D:2      | You fall through a shaft for 2 floors!
  1780 | D:4      | Reached skill level 4 in Axes
  1805 | D:4      | Reached XP level 5. HP: 22/47 MP: 4/4
  1996 | D:4      | Noticed Lunath's ghost (amateur MiFi)
  2059 | D:3      | Noticed an ogre
  2063 | D:3      | Killed an ogre
  2063 | D:3      | Reached skill level 5 in Fighting
  2065 | D:3      | Reached skill level 5 in Axes
  2170 | D:3      | Killed Lunath's ghost
  2170 | D:3      | Reached skill level 5 in Armour
  2170 | D:3      | Reached skill level 5 in Shields
  2170 | D:3      | Reached XP level 6. HP: 20/56 MP: 5/5
  3094 | D:4      | Reached skill level 6 in Axes
  3115 | D:4      | Reached XP level 7. HP: 61/61 MP: 6/6
  3143 | D:4      | Found an iron altar of Okawaru.
  3169 | D:4      | Became a worshipper of Warmaster Okawaru
  3369 | D:4      | Killed Lunath's ghost
  3369 | D:4      | Reached skill level 7 in Axes
  3625 | D:5      | Entered Level 5 of the Dungeon
  3658 | D:5      | Noticed Blork the orc
  3668 | D:5      | Killed Blork the orc
  3767 | D:5      | Found a staircase to the Ecumenical Temple.
  3776 | Temple   | Entered the Ecumenical Temple
  4148 | D:6      | Reached XP level 8. HP: 38/70 MP: 7/7
  4337 | D:6      | Reached skill level 8 in Axes
  4406 | D:6      | Reached * piety under Okawaru
  4598 | D:6      | Reached skill level 9 in Axes
  4680 | D:6      | Got a faintly glowing leather armour
  4819 | D:7      | Found an iron altar of Okawaru.
  4825 | D:7      | Found a blossoming altar of Fedhas.
  4964 | D:7      | Reached ** piety under Okawaru
  5028 | D:7      | Reached XP level 9. HP: 77/79 MP: 8/8
  5127 | D:7      | Found a basalt altar of Yredelemnul.
  5270 | D:8      | Noticed Maurice
  5275 | D:8      | Reached skill level 10 in Axes
  5277 | D:8      | Paralysed by Maurice for 6 turns
  5298 | D:8      | Killed Maurice
  5527 | D:8      | Noticed Duffy's ghost (novice OpWz)
  5529 | D:8      | Noticed Joseph
  5569 | D:8      | Killed Duffy's ghost
  5569 | D:8      | Reached *** piety under Okawaru
  5569 | D:8      | Reached skill level 11 in Axes
  5593 | D:8      | Killed Joseph
  5821 | D:8      | Reached XP level 10. HP: 91/91 MP: 9/9
  5826 | D:8      | Noticed Erica
  5842 | D:8      | Killed Erica
  5842 | D:8      | Reached skill level 12 in Axes
  5959 | D:8      | Reached **** piety under Okawaru
  6334 | D:9      | Found an opulent altar of Gozag.
  6403 | D:9      | Reached skill level 1 in Invocations
  6617 | D:9      | Found a bloodstained altar of Trog.
  6619 | D:9      | Found a deep blue altar of Sif Muna.
  6675 | D:10     | Entered Level 10 of the Dungeon
  6702 | D:10     | Reached skill level 10 in Fighting
  6884 | D:10     | Reached skill level 13 in Axes
  6887 | D:10     | Found a staircase to the Orcish Mines.
  6890 | D:10     | Reached skill level 10 in Armour
  6995 | D:10     | Reached ***** piety under Okawaru
  7389 | D:10     | Reached XP level 11. HP: 85/101 MP: 10/12
  7479 | D:10     | Found a staircase to the Lair.
  7710 | D:10     | Received a gift from Okawaru
  8061 | D:10     | Got a faintly glowing hand axe
  8062 | D:10     | Identified the +7 hand axe of Cocytus {drain, Fragile rElec rF+} (You found it on level 10 of the Dungeon)
  8422 | D:11     | Noticed Grum
  8433 | D:11     | Reached skill level 14 in Axes
  8444 | D:11     | Killed Grum
  8636 | D:11     | Noticed a two-headed ogre
  8639 | D:11     | Killed a two-headed ogre
  8652 | D:11     | Found Fudyaki's General Store.
  8655 | D:11     | Bought a scroll of teleportation for 45 gold pieces
  8790 | D:11     | Noticed a two-headed ogre
  8798 | D:11     | Killed a two-headed ogre
  9080 | Lair:1   | Entered Level 1 of the Lair of Beasts
  9256 | Lair:1   | Reached skill level 5 in Invocations
  9443 | Lair:1   | Reached skill level 15 in Axes
  9455 | Lair:1   | Reached ****** piety under Okawaru
  9455 | Lair:1   | Received a gift from Okawaru
  9457 | Lair:1   | Reached XP level 12. HP: 99/111 MP: 7/15
  9462 | Lair:1   | Got a faintly glowing scarf {god gift}
  9473 | Lair:1   | Identified the scarf "Niopif" {rN+ MR+} (Okawaru gifted it to you on level 1 of the Lair of Beasts)
 10025 | Lair:2   | Noticed Sonja
 10025 | Lair:2   | Noticed Urug
 10036 | Lair:2   | Killed Sonja
 10041 | Lair:2   | Killed Urug
 10570 | Lair:2   | Reached skill level 16 in Axes
 10770 | Lair:2   | Noticed an eight-headed hydra
 10780 | Lair:2   | Killed a 12-headed hydra
 11136 | Lair:3   | Noticed a death yak
 11136 | Lair:3   | Noticed a death yak
 11140 | Lair:3   | Noticed a death yak
 11142 | Lair:3   | Noticed a death yak
 11143 | Lair:3   | Noticed a death yak
 11144 | Lair:3   | Noticed a death yak
 11145 | Lair:3   | Killed a death yak
 11155 | Lair:3   | Killed a death yak
 11155 | Lair:3   | Received a gift from Okawaru
 11160 | Lair:3   | Killed a death yak
 11164 | Lair:3   | Killed a death yak
 11167 | Lair:3   | Killed a death yak
 11169 | Lair:3   | Killed a death yak
 11173 | Lair:3   | Reached XP level 13. HP: 91/119 MP: 17/17
 11366 | Lair:3   | HP: 4/119 [15-headed hydra (3)]
 11366 | Lair:3   | HP: 1/119 [15-headed hydra (3)]
 11367 | Lair:3   | Mangled by a 19-headed hydra

Vault maps used:
D:1:      lemuel_arrival_hallway, kennysheep_minor_cross,
          kennysheep_pointless_box, minmay_split_cup_large
D:2:      lemuel_doored_altar, first_bread, grunt_ministairs_12
D:4:      okawaru_gym_becter
D:5:      minmay_temple_entry_butterflies, uniq_blork_the_orc
D:7:      lemuel_zombie_altar_yredelemnul, lemuel_crystal_altar,
          serial_bayou_pond_e, fedhas_altar_3
D:8:      minivault_11, uniq_joseph, uniq_erica, uniq_maurice
D:9:      grunt_gozag_statues, nicolae_overflow_hidden_temple
D:10:     cheibrodos_ideogram_h, minmay_lair_entry_grove, david_orc_3
D:11:     serial_shops, shop, uniq_grum
Temple:   eino_temple_rhombus
Lair:1:   serial_bayou_pond_d, minivault_27, pond
Lair:2:   grunt_forest_stairs_clearing, uniq_sonja, uniq_urug
Lair:3:   beast_lair_carwin_large_2, lab_entry_generic

Skill      XL: |  1  2  3  4  5  6  7  8  9 10 11 12 |
---------------+-------------------------------------+-----
Axes           | 3 4 5 6 7 9 11 13 15 16 | 16.7
Fighting       | 4 5 6 7 9 10 11 12 | 12.7
Armour         | 4 5 6 7 9 10 11 12 | 12.5
Shields        | 4 5 |  5.1
Invocations    | 3 5 7 |  7.2

Action                   |  1- 3 |  4- 6 |  7- 9 | 10-12 | 13-15 || total
-------------------------+-------+-------+-------+-------+-------++-------
Melee: War axe           |    99 |   139 |       |       |       ||   238
       Headbutt          |    14 |    22 |    90 |   140 |    11 ||   277
       Hand axe          |       |       |   298 |   606 |    26 ||   930
Invok: Heroism           |       |       |     2 |     7 |     1 ||    10
       Finesse           |       |       |       |     3 |     1 ||     4
Evoke: Wand              |       |       |     5 |       |       ||     5
  Use: Scroll            |       |       |    16 |     7 |       ||    23
       Potion            |       |       |     2 |     4 |       ||     6
 Stab: Paralysed         |       |       |     4 |       |       ||     4
  Eat: Chunk             |     1 |     6 |     9 |    22 |       ||    38
       Fruit             |       |     1 |       |       |       ||     1
Armor: Scale mail        |    42 |    42 |       |   123 |    41 ||   248
       Chain mail        |       |     7 |    20 |       |       ||    27
       Plate armour      |       |       |    95 |   156 |       ||   251
Dodge: Dodged            |    26 |    17 |    15 |    84 |    17 ||   159
Block: Shield            |     9 |       |       |       |       ||     9
       Large shield      |    71 |    98 |   165 |   415 |    36 ||   785
